Map: 포트 알렉산더 - 래더

Players

Ragnarok (SHIN)

  • Race: Zerg Zerg
  • League: Grandmaster
  • Spawn Location: 5:00

Stats - Winner!

  • Race: Protoss Protoss
  • League: Grandmaster
  • Spawn Location: 11:00

Event: IEM Season 13 - Katowice Server Qualifiers Asia 1

VOD

Have the link to the VOD?

Description

Time

  • Played on: Jan. 14, 2019, 4:37 a.m.
  • Length: 9:51

All games in this series

Show
View Real Time Build Order
Export as new Build Order

Ragnarok Zerg 

Build Orders: Hatch First 

Get SALT Encoding   

  12  0:01  Drone  
  13  0:13  Overlord  
  13  0:18  Drone  
  14  0:31  Drone x2  
  16  0:49  Hatchery  
  15  0:53  Drone  
  16  0:58  Drone  
  16  0:59  Drone  
  18  1:13  Extractor  
  18  1:16  Spawning Pool  
  16  1:19  Drone  
  16  1:21  Drone  
  18  1:28  Drone  
  19  1:39  Drone  
  20  1:51  Overlord  
  20  2:02  Zergling x2  
  20  2:03  Queen x2, Zergling x2  
  26  2:12  Drone x2  
  28  2:16  Metabolic Boost  
  28  2:22  Drone x2  
  30  2:33  Drone  
  30  2:34  Drone  
  32  2:44  Hatchery  
  32  2:48  Drone  
  32  2:54  Queen  
  32  2:58  Overlord  
  34  3:02  Drone x2  
  36  3:17  Overlord  
  36  3:18  Drone x2  
  36  3:19  Drone x4  
  42  3:21  Drone  
  42  3:25  Zergling x2  
  44  3:28  Overlord  
  44  3:34  Evolution Chamber  
  44  3:38  Drone  
  44  3:40  Drone  
  45  3:43  Queen  
  45  3:46  Spore Crawler, Drone  
  45  3:48  Drone  
  48  3:52  Drone x2  
  48  3:53  Drone  
  51  3:56  Queen  
  51  3:58  Drone  
  54  4:03  Zerg Melee Weapons Level 1  
  54  4:05  Drone x2  
  54  4:08  Spore Crawler  
  55  4:13  Spore Crawler, Drone  
  55  4:21  Overlord  
  55  4:23  Drone  
  56  4:24  Zergling x2  
  56  4:25  Zergling x8  
  61  4:32  Zergling x8  
  61  4:36  Spine Crawler  
  61  4:38  Zergling x2  
  65  4:42  Baneling Nest, Drone  
  65  4:43  Zergling x2  
  65  4:44  Zergling x6  
  69  4:49  Overlord  
  69  4:51  Lair  
  69  4:57  Drone x3  
  69  4:58  Drone  
  73  5:02  Overlord, Extractor  
  73  5:03  Overlord  
  73  5:05  Zergling x2  
  73  5:06  Zergling x2  
  73  5:15  Zergling x12  
  77  5:23  Zergling x4  
  77  5:26  Zergling x8  
  83  5:30  Zergling x2  
  83  5:32  Baneling x6  
  84  5:36  Zergling x4  
  85  5:44  Drone  
  85  5:45  Drone  
  85  5:46  Overlord  
  85  5:47  Queen x2  
  85  5:48  Extractor  
  85  5:49  Extractor  
  89  5:53  Drone  
  89  5:55  Drone  
  89  5:56  Drone  
  92  5:57  Drone  
  88  6:07  Zergling x2  
  88  6:08  Zergling x12  
  93  6:12  Hydralisk Den  
  91  6:20  Drone x3  
  91  6:21  Drone  
  91  6:25  Overlord  
  95  6:29  Drone x2  
  97  6:41  Hydralisk x4  
  97  6:43  Overlord x2, Grooved Spines  
  97  6:45  Hydralisk x2  
  97  6:46  Zergling x2  
  97  6:47  Zergling x2  
  109  6:55  Hydralisk x2  
  109  6:56  Overlord  
  109  6:57  Zergling x4  
  109  6:58  Zergling x2  
  109  6:59  Zergling x2  
  113  7:05  Hydralisk  
  113  7:06  Hydralisk x2  
  119  7:09  Drone x2  
  119  7:12  Overlord  
  119  7:14  Zergling x2  
  121  7:16  Baneling  
  121  7:17  Baneling x4  
  121  7:19  Zergling x2  
  121  7:22  Zergling x2  
  123  7:24  Zergling x8  
  123  7:25  Baneling x2  
  127  7:31  Zergling x2  
  127  7:32  Zergling x6  
  131  7:37  Zergling x2  
  131  7:39  Zergling x8  
  130  7:45  Baneling x6  
  130  7:46  Zergling x2  
  130  7:49  Zergling x2  
  130  7:50  Baneling x2  
  132  7:51  Zergling x2  
  132  7:52  Zergling x6  
  132  7:54  Muscular Augments, Zergling x2  
  132  7:57  Zergling x2  
  137  8:02  Centrifical Hooks  
  137  8:04  Drone  
  137  8:05  Drone x3  
  141  8:07  Extractor  
  141  8:08  Zergling x2  
  141  8:09  Baneling x2  
  141  8:11  Zergling x2  
  142  8:17  Baneling  
  142  8:18  Baneling x3  
  142  8:19  Zergling x4  
  141  8:26  Hydralisk, Zergling x2  
  141  8:27  Zergling x2  
  145  8:28  Baneling x3  
  145  8:29  Overlord  
  145  8:33  Zergling x2  
  135  8:38  Zergling x4  
  135  8:41  Hydralisk  
  119  8:43  Zergling x2  
  119  8:44  Zergling x2  
  114  8:51  Hydralisk  
  114  8:55  Zergling x4  
  100  8:56  Queen x2, Zergling x6  
  100  9:00  Zergling x2  
  98  9:05  Zergling x4  
  98  9:09  Zergling x2  
  95  9:10  Zergling x2  
  95  9:14  Baneling x5  
  95  9:16  Baneling x3  
  97  9:17  Zergling x2  
  97  9:19  Zergling x2  
  91  9:24  Zergling x6  
  91  9:28  Zergling x4  
  91  9:29  Zergling x2  
  96  9:32  Baneling x3  
Show
View Real Time Build Order
Export as new Build Order

Stats Protoss - Winner!

Build Orders: 1 Gate Expand, Archon Immortal, Archon Drop, Dark Templar Rush 

Get SALT Encoding   

  12  0:00  Probe  
  13  0:12  Probe  
  14  0:19  Pylon  
  14  0:24  Probe  
  15  0:33  Probe  
  15  0:41  Probe  
  16  0:44  Gateway  
  16  0:47  Assimilator  
  17  0:51  Probe  
  18  1:04  Probe  
  19  1:16  Probe  
  20  1:24  Nexus  
  20  1:35  Cybernetics Core  
  20  1:37  Probe  
  21  1:45  Assimilator  
  21  1:50  Probe  
  22  1:54  Pylon  
  22  2:02  Probe  
  22  2:04  Adept  
  23  2:13  Warp Gate  
  23  2:14  Probe  
  26  2:26  Probe  
  26  2:29  Stalker  
  27  2:34  Probe  
  27  2:35  Probe  
  29  2:37  Twilight Council  
  29  2:42  Probe  
  29  2:43  Probe  
  33  2:52  Probe  
  33  2:53  Probe  
  35  3:04  Probe  
  35  3:05  Probe  
  37  3:09  Robotics Facility  
  37  3:17  Probe x2  
  37  3:18  Dark Shrine  
  39  3:24  Gateway  
  39  3:29  Probe x2  
  41  3:41  Gateway  
  41  3:44  Gateway  
  41  3:46  Probe x2  
  41  3:48  Warp Prism  
  43  3:51  Pylon  
  43  3:53  Assimilator  
  43  3:55  Assimilator  
  43  4:00  Probe  
  46  4:09  Probe  
  47  4:11  Pylon  
  47  4:12  Pylon  
  47  4:13  Probe  
  48  4:17  Observer  
  48  4:21  Probe  
  49  4:25  Probe  
  51  4:33  Probe  
  52  4:40  Dark Templar x3  
  52  4:41  Dark Templar  
  60  4:45  Archon  
  60  4:46  Archon  
  60  4:57  Nexus, Immortal  
  60  4:58  Pylon  
  60  5:03  Forge  
  60  5:12  Probe x2  
  66  5:26  Protoss Ground Weapons Level 1  
  66  5:28  Adept x3  
  74  5:29  Zealot  
  74  5:33  Pylon  
  74  5:35  Immortal  
  74  5:36  Pylon  
  74  5:43  Pylon  
  74  5:49  Charge  
  73  6:05  Zealot x4  
  73  6:06  Immortal  
  77  6:22  Pylon  
  77  6:23  Pylon  
  77  6:26  Gateway  
  77  6:34  Sentry x4  
  77  6:37  Pylon  
  77  6:39  Gateway  
  85  6:41  Immortal  
  85  6:50  Gateway  
  89  7:03  Zealot  
  89  7:04  Dark Templar x2  
  95  7:08  Pylon  
  95  7:10  Archon  
  95  7:17  Nexus  
  95  7:26  Gateway  
  95  7:29  Pylon  
  95  7:37  Sentry  
  95  7:44  Zealot  
  97  7:49  Zealot x5  
  105  7:57  Nexus  
  105  8:12  Dark Templar x4  
  113  8:16  Archon x2, Dark Templar  
  113  8:17  Dark Templar  
  113  8:18  Sentry  
  119  8:20  Sentry  
  119  8:21  Archon  
  104  8:45  Zealot x6  
  112  9:01  Observer  
  106  9:12  Dark Templar x2  
  106  9:13  Dark Templar x2, Zealot x2  
  106  9:16  Archon x2  
  118  9:26  Pylon  
  118  9:28  Pylon  
  118  9:30  Pylon  
  118  9:40  Templar Archives  

Tags
 
Add a new tag
Caveats
  • Supply blocks, unpowered buildings, or Contaminate may cause inaccurate times.
  • Supply counts are checked every 10 seconds.